 Dungeon Crawl Stone Soup version 0.24.0-123-gd5b16e6ec5 (webtiles) character file.

Game seed: 5966032482314576497, levelgen mode: deterministic

64 Bluestream the Cudgeler (level 3, -3/51 HPs)
             Began as a Minotaur Berserker on Feb 2, 2020.
             Was a Believer of Trog.
             Killed from afar by Sigmund (13 damage)
             ... with a puff of flame
             ... on level 2 of the Dungeon.
             The game lasted 00:01:45 (957 turns).

Bluestream the Cudgeler (Minotaur Berserker)         Turns: 957, Time: 00:01:45

Health: -3/51      AC:  2    Str: 27    XL:     3   Next: 91%
Magic:  2/2        EV: 12    Int:  4    God:    Trog [**....]
Gold:   65         SH:  0    Dex:  9    Spells: 2/2 levels left

rFire    . . .     SeeInvis .   a - +0 mace
rCold    . . .     Gourm    .   (no shield)
rNeg     . . .     Faith    .   b - +0 animal skin
rPois    .         Spirit   .   (helmet restricted)
rElec    .         Reflect  .   (no cloak)
rCorr    .         Harm     .   (no gloves)
MR       .....                  (no boots)
Stlth    ..........             (no amulet)
HPRegen  0.17/turn              (no ring)
MPRegen  0.08/turn              (no ring)

@: berserking, very quick
A: retaliatory headbutt, horns 2
a: Berserk, Trog's Hand, Renounce Religion


You were on level 2 of the Dungeon.
You worshipped Trog.
Trog was pleased with you.
You were hungry.

You visited 1 branch of the dungeon, and saw 2 of its levels.

You collected 65 gold pieces.

Inventory:

Hand Weapons
 a - a +0 mace (weapon)
Armour
 b - a +0 animal skin (worn)
Jewellery
 d - a +3 ring of evasion {unknown}
Scrolls
 f - a scroll of identify {unknown}
 h - a scroll of enchant weapon {unknown}
 i - a scroll of teleportation {unknown}
Potions
 e - a potion of flight {unknown}
 g - a potion of heal wounds {unknown}
Comestibles
 c - 2 rations


   Skills:
 * Level 4.4 Fighting
 * Level 4.5 Maces & Flails
 + Level 3.1 Armour
 + Level 2.7 Dodging


You had 2 spell levels left.
You didn't know any spells.
Your spell library was empty.

Dungeon Overview and Level Annotations

Branches:
Dungeon (2/15)

Altars:

Annotations:
D:2 Sigmund


Innate Abilities, Weirdness & Mutations

You reflexively headbutt those who attack you in melee.
You have a pair of horns on your head.


Message History

You struggle against the net.
The gnoll closely misses you. You furiously retaliate!
You headbutt the gnoll, but do no damage.
Something hits you!
You tear a large gash into the net.
You rip the net and break free!
Something hits you. The gnoll closely misses you.
You barely miss the gnoll. Your headbutt misses the gnoll.
The gnoll barely misses you. The gnoll hits you. Something hits you.
* * * LOW HITPOINT WARNING * * *
The gnoll barely misses you.
A red film seems to cover your vision as you go berserk!
You feel yourself moving faster!
You feel mighty!
You are feeling hungry.
The gnoll barely misses you. The gnoll closely misses you.
You barely miss the gnoll.
You hear some strange, mumbled words.
A puff of flame appears from out of thin air!
The puff of flame hits you!
You die...

#.###### ##. #......# #..
######.# #.# ### #.# #.#
## # ##.###.# #.##.##
####...##.######.#...####
'.......................+
####...##.######.#...####
# ##.....# #@##.##
######.#####....gg..#
....##.# #....g....#
###.##.# #..##.##..# #
#.##.# #!. #.# ..#
###.##.# #. #.# .#
..#.##.# # #.# # #.#.##.#
#.# #.#.##.#


You could see 3 gnolls.

Vanquished Creatures
  Robin (D:2)
  A worm (D:2)
  A dart slug (D:1)
  A leopard gecko (D:2)
  6 bats
  A giant cockroach (D:1)
  13 goblins
  9 hobgoblins
  4 kobolds
  A frilled lizard (D:2)
  2 rats (D:1)
40 creatures vanquished.

Notes
Turn   | Place    | Note
-------+----------+-------------------------------------------
     0 | D:1      | Bluestream the Minotaur Berserker began the quest for the
                  | Orb.
     0 | D:1      | Reached XP level 1. HP: 19/19 MP: 0/0
   125 | D:1      | Reached XP level 2. HP: 27/27 MP: 1/1
   660 | D:2      | Noticed Robin
   662 | D:2      | Reached XP level 3. HP: 30/33 MP: 2/2
   677 | D:2      | Reached ** piety under Trog
   679 | D:2      | Killed Robin
   948 | D:2      | Noticed Sigmund
   957 | D:2      | Killed from afar by Sigmund

Levels and vault maps discovered:
D:1:      lemuel_arrival_lava_pool, layout_rooms, hex_medium
D:2:      layout_loops_corners, uniq_sigmund, uniq_natasha, uniq_robin

Skill      XL: |  1  2  3 |
---------------+----------+-----
Fighting       | 4 |  4.4
Maces & Flails | 4 |  4.5
Armour         | 3 |  3.1
Dodging        | |  2.7

Action                   || total
-------------------------++-------
Melee: Mace              ||    67
       Headbutt          ||    12
Invok: Berserk           ||     2
 Stab: Sleeping          ||     3
  Eat: Chunk             ||     1
Armor: Animal skin       ||    13
Dodge: Dodged            ||    53
